 Dungeon Sprint DCSS version 0.21-a0-352-g5b8f553 (webtiles) character file.

70 minicreteconcrete the Skirmisher (level 4, 0/39 HPs)
             Began as a Demonspawn Berserker on Oct 11, 2017.
             Was a Priest of Trog.
             Killed from afar by an orc wizard (7 damage)
             ... with a magic dart
             ... in the Dungeon (Sprint IX: "|||||||||||||||||||||||||||||").
             The game lasted 00:00:48 (257 turns).

minicreteconcrete the Skirmisher (DsBe)              Turns: 257, Time: 00:00:48

Health: 0/39       AC:  2    Str: 17    XL:     4   Next: 3%
Magic:  4/4        EV: 13    Int:  8    God:    Trog [***...]
Gold:   0          SH:  0    Dex: 14    Spells: 3/3 levels left

rFire    . . .     SeeInvis .   a - +0 falchion
rCold    + . .     Gourm    .   (no shield)
rNeg     . . .     Faith    .   b - +0 animal skin
rPois    .         Spirit   .   (no helmet)
rElec    .         Reflect  .   (no cloak)
rCorr    .         Harm     .   (no gloves)
MR       ++...     NoTele   +   (no boots)
Stlth    +.........             (no amulet)
HPRegen  1.13/turn              (no ring)
MPRegen  0.09/turn              (no ring)

@: lethally poisoned (0 -> 0), berserk cooldown, regenerating
A: cold resistance 1, rot immunity
a: Berserk, Trog's Hand, Burn Spellbooks, Renounce Religion


You were in the Dungeon.
You worshipped Trog.
Trog was most pleased with you.
You were hungry.

You visited 1 branch

Inventory:

Hand Weapons
 a - a +0 falchion (weapon)
Armour
 b - a +0 animal skin (worn)
Scrolls
 i - a scroll of blinking
Potions
 f - a potion of haste
 g - 2 potions of magic
 h - a potion of berserk rage
Comestibles
 c - a bread ration


   Skills:
 + Level 5.5 Fighting
 + Level 5.3 Long Blades
 + Level 2.7 Armour
 + Level 3.1 Dodging


You had 3 spell levels left.
You didn't know any spells.

Dungeon Overview and Level Annotations

Branches:
Dungeon (1/1)

Altars:


Innate Abilities, Weirdness & Mutations

Your flesh is cold resistant. (rC+)
You are immune to rotting.


Message History

You barely miss something.
You hear some strange, mumbled words.
Something completely misses you.
You miss something. Something hits you.
* * * LOW HITPOINT WARNING * * *
Something hits you.
* * * LOW HITPOINT WARNING * * *
You hit something but do no damage.
You feel yourself speed up.
You feel sick. Something hits you but does no damage. Something hits you.
* * * LOW HITPOINT WARNING * * *
You hit something but do no damage. Something hits you.
* * * LOW HITPOINT WARNING * * *
Something hits you.
* * * LOW HITPOINT WARNING * * *
You hit something. Something hits you but does no damage.
You hear some strange, mumbled words.
A magic dart appears from out of thin air!
The magic dart hits you!
You die... ▓▓▓▓▓▓▓▓▓▓▓▓▓▓▓▓▓▓ ▓@{..'÷)÷..).....+ ▓▓▓▓▓▓▓▓▓▓▓▓▓▓▓▓▓▓

There were no monsters in sight!

Vanquished Creatures
  2 worker ants (D)
  An adder (D)
  2 dart slugs (D)
  A leopard gecko (D)
  An orc (D)
  A hobgoblin (D)
  A rat (D)
9 creatures vanquished.

Notes
Turn   | Place    | Note
-------+----------+-------------------------------------------
     0 | D        | minicreteconcrete the Demonspawn Berserker began the quest for the Orb.
     0 | D        | Reached XP level 1. HP: 18/18 MP: 1/1
    12 | D        | Reached ** piety under Trog
    17 | D        | Gained mutation: Your flesh is cold resistant. (rC+) [demonic ancestry]
    17 | D        | Reached XP level 2. HP: 11/25 MP: 2/2
   220 | D        | Reached *** piety under Trog
   226 | D        | Reached skill level 5 in Fighting
   226 | D        | Gained mutation: You are immune to rotting. [demonic ancestry]
   226 | D        | Reached XP level 3. HP: 18/33 MP: 3/3
   252 | D        | Reached skill level 5 in Long Blades
   252 | D        | Reached XP level 4. HP: 9/39 MP: 4/4
   257 | D        | Killed from afar by an orc wizard

Vault maps used:
D:        linesprint

Skill      XL: |  1  2  3 |
---------------+----------+-----
Long Blades    | 3 4 5 |  5.3
Armour         | 2 |  2.7
Dodging        | 2 3 |  3.1
Fighting       | 5 |  5.5

Action                   |  1- 3 |  4- 6 || total
-------------------------+-------+-------++-------
Melee: Falchion          |    35 |     5 ||    40
Invok: Berserk           |     2 |       ||     2
       Trog's Hand       |     2 |       ||     2
  Use: Potion            |     2 |       ||     2
Armor: Animal skin       |     1 |     1 ||     2
Dodge: Dodged            |    27 |     1 ||    28
       Rpst.: Falchion   |     9 |       ||     9

Table legend:
 A = Spawn XP
 B = Non-spawn XP
 C = Spawn XP percentage of total XP
 D = Spawn monster count
 E = Non-spawn monster count
 F = Spawn count percentage of total count
 G = Total turns spent on level
                    A         B        C        D         E        F      G
               +---------+---------+-------+---------+---------+-------+---------
         Total |       0 |     100 |   0.0 |       0 |       9 |   0.0 |   257
               +---------+---------+-------+---------+---------+-------+---------
             D |       0 |     100 |   0.0 |       0 |       9 |   0.0 |   257
               +---------+---------+-------+---------+---------+-------+---------
